 Dungeon Crawl Stone Soup version 0.22-a0-815-gb582571 (webtiles) character file.

283 iamserjio the Conjurer (level 6, 0/32 HPs)
             Began as a Tengu Fire Elementalist on July 23, 2018.
             Shot with an arrow by a centaur (6 damage)
             ... on level 5 of the Dungeon.
             The game lasted 00:13:03 (1548 turns).

iamserjio the Conjurer (Tengu Fire Elementalist)    Turns: 1548, Time: 00:13:03

Health: 0/32       AC:  2    Str:  8    XL:     6   Next: 28%
Magic:  11/11      EV: 13    Int: 17    God:
Gold:   176        SH:  0    Dex: 15    Spells: 5/10 levels left

rFire    . . .     SeeInvis .   r - +0 short sword (curse)
rCold    . . .     Gourm    .   (no shield)
rNeg     . . .     Faith    .   a - +0 robe
rPois    .         Spirit   .   (helmet restricted)
rElec    .         Reflect  .   (no cloak)
rCorr    .         Harm     .   (no gloves)
MR       .....                  (boots unavailable)
Stlth    ++........             g - amulet of magic regeneration
HPRegen  0.10/turn              (no ring)
MPRegen  0.37/turn              (no ring)

@: no status effects
A: beak, talons 3, able to fly 1
a: Fly


You were on level 5 of the Dungeon.
You were not hungry.

You visited 1 branch of the dungeon, and saw 5 of its levels.

You collected 176 gold pieces.

Inventory:

Hand Weapons
 f - a +0 dagger
 j - a +0 hunting sling
 n - a +0 blowgun
 q - a +0 trident
 r - a cursed +0 short sword (weapon)
 B - a +3 dagger
 C - a +0 mace of crushing
Missiles
 h - 42 stones (quivered)
 o - 3 poisoned needles
Armour
 a - a +0 robe (worn)
Jewellery
 g - an amulet of magic regeneration (around neck)
 t - an uncursed amulet of faith {unknown}
 x - an uncursed amulet of guardian spirit {unknown}
Wands
 D - a wand of polymorph (8)
Scrolls
 d - a scroll of noise {unknown}
 e - a scroll of fear {unknown}
 i - a scroll of enchant weapon {unknown}
 k - 2 scrolls of identify {unknown}
 m - a scroll of remove curse {unknown}
 p - 2 scrolls of amnesia {unknown}
 y - a scroll of teleportation {unknown}
 A - a scroll of blinking {unknown}
Potions
 b - 4 potions of curing {unknown}
 l - a potion of haste {unknown}
 s - 2 potions of agility {unknown}
 v - a potion of resistance {unknown}
 w - a potion of magic {unknown}
 z - a potion of degeneration {unknown}
Comestibles
 c - 5 rations


   Skills:
 - Level 2.1 Dodging
 - Level 2.0 Stealth
 + Level 2.9 Spellcasting
 + Level 5.6 Conjurations
 + Level 5.2 Fire Magic


You had 5 spell levels left.
You knew the following spells:

 Your Spells              Type           Power        Failure   Level  Hunger
a - Flame Tongue          Conj/Fire      ###..        1%          1    None
b - Sticky Flame          Conj/Fire      ###.....     19%         4    ####...

Your spell library contained the following spells:

 Spells                   Type           Power        Failure   Level  Hunger
 Fireball                 Conj/Fire      ###.......   47%         5    ######.
 Conjure Flame            Conj/Fire      ###.....     6%          3    ###....
 Throw Flame              Conj/Fire      ###...       3%          2    ##.....
 Inner Flame              Hex/Fire       ##......     19%         3    ###....


Dungeon Overview and Level Annotations

Branches:
Dungeon (5/15)
 Temple: D:4-7

Altars:
Elyvilon
Okawaru


Innate Abilities, Weirdness & Mutations

You have a beak for a mouth.
You have claws for feet.
You can fly.


Message History

There is a stone staircase leading up here.
You climb upwards.
There is a stone staircase leading down here.
There is a stone staircase leading down here.
You climb downwards.
There is a stone staircase leading up here.
A centaur comes into view.
You see here 14 gold pieces.
You now have 176 gold pieces (gained 14).
The centaur shouts!
You hear a shout! x2
The centaur wields a shortbow.
The centaur shoots an arrow.
The arrow barely misses you.
A bullfrog skeleton comes into view.
The centaur shoots an arrow.
The arrow barely misses you.
The centaur shoots an arrow.
The arrow hits you!
* * * LOW HITPOINT WARNING * * *
There is a stone staircase leading up, spattered with blood here.
You see here an arrow.
The centaur shoots an arrow.
The arrow hits you.
You die...

..## ..). Zc
..#. #..
...#
#.###...##
...#.?...#
#.c.#.#.##
#...#..#
##.#..@#
#..(...#
#...#....#
#...#.....##
##?[.....##
####..# ##.#
#.. ..


You could see a centaur.

Vanquished Creatures
  An orc priest (D:3)
  A worker ant (D:4)
  Terence (D:3)
  An orc wizard (D:4)
  6 adders
  A shadow imp (D:5)
  An ooze (D:3)
  3 worms
  2 dart slugs
  3 leopard geckos
  17 orcs
  6 bats
  8 giant cockroaches
  2 hobgoblins (D:1)
  3 jackals (D:3)
  6 kobolds
  2 quokkas
  7 frilled lizards
  7 goblins
  10 rats
88 creatures vanquished.

Notes
Turn   | Place    | Note
-------+----------+-------------------------------------------
     0 | D:1      | iamserjio the Tengu Fire Elementalist began the quest for the Orb.
     0 | D:1      | Reached XP level 1. HP: 10/10 MP: 4/4
   178 | D:1      | Reached XP level 2. HP: 15/15 MP: 3/6
   311 | D:2      | Reached XP level 3. HP: 19/19 MP: 2/7
   583 | D:3      | Reached XP level 4. HP: 20/24 MP: 4/8
   586 | D:3      | Found an iron altar of Okawaru.
   642 | D:3      | Learned a level 4 spell: Sticky Flame
   788 | D:3      | Noticed Terence
  1038 | D:4      | Gained mutation: You can fly. [Tengu growth]
  1038 | D:4      | Reached XP level 5. HP: 28/28 MP: 5/9
  1222 | D:4      | Reached skill level 5 in Conjurations
  1279 | D:4      | Found a white marble altar of Elyvilon.
  1320 | D:4      | Reached skill level 5 in Fire Magic
  1424 | D:3      | Reached XP level 6. HP: 16/32 MP: 5/11
  1444 | D:3      | Killed Terence
  1505 | D:5      | Entered Level 5 of the Dungeon
  1548 | D:5      | Shot with an arrow by a centaur

Vault maps used:
D:1:      onia_arrival_larder, hangedman_decor_points, hangedman_decor_growths
D:2:      kennysheep_pointless_box, minmay_misc_feat_secret_circle,
          grunt_dithmenos_smoke_and_mirrors
D:3:      old_standard_altar, first_ration, uniq_terence
D:4:      lemuel_crystal_altar, serial_curves, eino_curves_02, eino_curves_04,
          minmay_fountain_box, grunt_ministairs_10, solitary_fountain
D:5:      minmay_misc_feat_four_crosses

Skill      XL: |  1  2  3  4  5 |
---------------+----------------+-----
Conjurations   | 2 3 4 5 |  5.6
Fire Magic     | 4 5 |  5.2
Dodging        | |  2.1
Stealth        | |  2.0
Spellcasting   | |  2.9

Action                   |  1- 3 |  4- 6 || total
-------------------------+-------+-------++-------
Melee: Unarmed           |    11 |     7 ||    18
       Peck              |     4 |     3 ||     7
       Kick              |     5 |     5 ||    10
       Dagger            |    11 |     3 ||    14
       Trident           |       |     9 ||     9
       Short sword       |       |    10 ||    10
 Fire: Hunting sling     |       |     2 ||     2
Throw: Stone             |       |     1 ||     1
 Cast: Flame Tongue      |    40 |   111 ||   151
       Sticky Flame      |       |     3 ||     3
 Stab: Sleeping          |     2 |       ||     2
       Confused          |       |     2 ||     2
  Eat: Chunk             |       |     5 ||     5
Armor: Robe              |     4 |     9 ||    13
Dodge: Dodged            |    21 |    48 ||    69

Table legend:
 A = Spawn XP
 B = Non-spawn XP
 C = Spawn XP percentage of total XP
 D = Spawn monster count
 E = Non-spawn monster count
 F = Spawn count percentage of total count
 G = Total turns spent on level
                    A         B        C        D         E        F      G
               +---------+---------+-------+---------+---------+-------+---------
         Total |       0 |     405 |   0.0 |       0 |      88 |   0.0 |  1548
               +---------+---------+-------+---------+---------+-------+---------
           D:1 |       0 |      26 |   0.0 |       0 |      19 |   0.0 |   350
           D:2 |       0 |      42 |   0.0 |       0 |      12 |   0.0 |   281
           D:3 |       0 |     171 |   0.0 |       0 |      34 |   0.0 |   406
           D:4 |       0 |     152 |   0.0 |       0 |      21 |   0.0 |   483
           D:5 |       0 |      14 |   0.0 |       0 |       2 |   0.0 |    28
               +---------+---------+-------+---------+---------+-------+---------
